 Dungeon Crawl Stone Soup version 0.31-a0-177-g4aa6249778 (webtiles) character file.

Game seed: 2361905529020972305

102 qw the Chopper (level 4, -10/30 HPs)
             Began as a Gargoyle Fighter on June 18, 2023.
             Killed by divine providence
             ... invoked by an orc priest
              (16 damage)
             ... on level 3 of the Dungeon.
             The game lasted 00:01:01 (1712 turns).

qw the Chopper (Gargoyle Fighter)                   Turns: 1712, Time: 00:01:01

Health: -10/30     AC: 10    Str: 21    XL:     4   Next: 77%
Magic:  4/4        EV:  9    Int:  9    God:
Gold:   107        SH:  4    Dex:  9    Spells: 3/3 levels left

rFire   . . .        Y - +0 war axe
rCold   . . .        c - +0 buckler
rNeg    + . .        b - +0 scale mail
rPois   inf          (no helmet)
rElec   +            (no cloak)
rCorr   .            (no gloves)
SInv    .            (no boots)
Will    .....        (no amulet) Stlth
                     (no ring)
HPRegen 0.25/turn    (no ring)
MPRegen 0.09/turn

%: no passive effects
@: no status effects
A: sickness immunity, AC +3, negative energy resistance 1, electricity
resistance, torment resistance 1, petrification resistance, deterioration 1,
robust 1
a: no special abilities


You were on level 3 of the Dungeon.
You visited 1 branch of the dungeon, and saw 3 of its levels.

You collected 107 gold pieces.


Innate Abilities, Weirdness & Mutations

You are immune to sickness and miasma.
Your stone body is resilient. (AC +3)
You are immune to poison.
You resist negative energy. (rN+)
You are resistant to electric shocks. (rElec)
You are resistant to unholy torment.
You are immune to petrification.
Your body sometimes deteriorates upon taking damage.
You are robust. (+10% HP)


   Skills:
 - Level 3.2 Fighting
 + Level 4.3 Axes
 - Level 3.2 Armour
 - Level 3.2 Shields


You had 3 spell levels left.
You didn't know any spells.
Your spell library was empty.

Inventory:

Hand Weapons
 l - a +0 flail
 Y - a +0 war axe (weapon)
Missiles
 g - a boomerang (quivered)
Armour
 b - a +0 scale mail (worn)
 c - a +0 buckler (worn)
Scrolls
 a - a scroll of torment {unknown}
Potions
 d - 2 potions of might
 e - a potion of mutation
 f - a potion of haste {unknown}

Dungeon Overview and Level Annotations

Branches:
Dungeon (3/15)

Altars:
Makhleb

Annotations:
D:3 1 runed translucent door, qw's ghost, amateur GrFi


Message History

The orc priest calls down the wrath of Beogh upon you.
You barely resist. You hit the orc priest.
The orc priest is lightly wounded.
The orc priest hits you but does no damage.
You hit the orc priest but do no damage.
The orc priest is lightly wounded.
The orc priest hits you but does no damage.
You hit the orc priest.
The orc priest is moderately wounded.
The orc priest looks braver for a moment.
The orc priest hits you but does no damage.
You hit the orc priest.
The orc priest is heavily wounded.
The orc priest hits you with a staff of death.
You hit the orc priest.
The orc priest is severely wounded.
The orc priest hits you with a staff of death.
You closely miss the orc priest.
The orc priest is severely wounded.
The orc priest mumbles some strange prayers to Beogh against you.
Pain shoots through your body! The orc priest closely misses you.
You hit the orc priest.
The orc priest is almost dead.
The orc priest hits you with a staff of death.
You hit the orc priest.
The orc priest is almost dead.
The orc priest hits you but does no damage.
You closely miss the orc priest.
The orc priest is almost dead.
The orc priest hits you with a staff of death.
You writhe in agony.
The orc priest invokes the aid of Beogh against you.
Pain shoots through your body!
You barely miss the orc priest.
The orc priest is almost dead.
The orc priest mumbles some strange prayers to Beogh against you.
Beogh smites you!
Ouch! That really hurt!
You die...

. .. ...
....
#######.....
..#)o..#
######.#@#
#......#.#
##.####...#
######...#
#####
.......#.#
######...#
##.## #.#
#####
#.###...#


You could see an orc priest.

Vanquished Creatures
  3 adders (D:2)
  2 dart slugs (D:1)
  5 orcs
  4 ball pythons
  5 bats
  7 endoplasms
  4 giant cockroaches (D:2)
  2 hobgoblins
  2 jackals (D:1)
  12 kobolds
  2 quokkas
  A frilled lizard (D:2)
  4 goblins
  10 rats
63 creatures vanquished.

Notes
Turn   | Place    | Note
-------+----------+-------------------------------------------
     0 | D:1      | qw the Gargoyle Fighter began the quest for the Orb.
     0 | D:1      | Reached XP level 1. HP: 14/14 MP: 1/1
     0 | D:1      | 0 ||| qw: Version: 0.3-a-7-ge0c9b40
     0 | D:1      | 0 ||| qw: Game counter: 761
     0 | D:1      | 0 ||| qw: Always use a shield: true
     0 | D:1      | 0 ||| qw: God list: Okawaru
     0 | D:1      | 0 ||| qw: Allow faded altars: false
     0 | D:1      | 0 ||| qw: Do Orc after D:15 true
     0 | D:1      | 0 ||| qw: Do second Lair branch before Depths: true
     0 | D:1      | 0 ||| qw: Lair rune preference: random
     0 | D:1      | 0 ||| qw: Plans: Normal, Zot:1-4, Slime:5, God:TSO, Crypt,
                  | Tomb, Abyss, Pan, Hells, Win
     0 | D:1      | 0 ||| PLANNING D:1-11
    43 | D:1      | Reached skill level 2 in Axes
    52 | D:1      | 52 ||| Stepping ~*~*~tactically~*~*~ (stealth).
    54 | D:1      | 54 ||| Stepping ~*~*~tactically~*~*~ (hiding).
    63 | D:1      | Reached XP level 2. HP: 19/19 MP: 2/2
   370 | D:1      | Reached skill level 3 in Axes
   403 | D:1      | Reached XP level 3. HP: 23/23 MP: 3/3
   767 | D:1      | 767 ||| READING scroll labelled GOVO US ZOKI.
   897 | D:2      | 897 ||| Stepping ~*~*~tactically~*~*~ (stealth).
   927 | D:2      | Found a burning altar of Makhleb.
   953 | D:2      | Reached XP level 4. HP: 28/28 MP: 4/4
   958 | D:2      | 958 ||| DROPPING +0 club.
  1011 | D:2      | Reached skill level 4 in Axes
  1091 | D:2      | 1091 ||| Stepping ~*~*~tactically~*~*~ (hiding).
  1093 | D:2      | 1093 ||| Stepping ~*~*~tactically~*~*~ (hiding).
  1143 | D:2      | 1143 ||| Stepping ~*~*~tactically~*~*~ (stealth).
  1312 | D:2      | 1312 ||| DROPPING +0 whip.
  1602 | D:2      | 1602 ||| READING scroll labelled UNANUEDUPHA.
  1603 | D:2      | 1603 ||| READING 2 scrolls labelled BUDURIPIQE.
  1604 | D:2      | 1604 ||| READING scroll labelled IFOTSEV JUCYROJ.
  1608 | D:2      | 1608 ||| READING scroll labelled QIODEPU FAPTONT.
  1609 | D:2      | 1609 ||| DRINKING 2 smoky cyan potions.
  1609 | D:2      | Gained mutation: Your body sometimes deteriorates upon
                  | taking damage. [potion of mutation]
  1609 | D:2      | Gained mutation: You are robust. (+10% HP) [potion of
                  | mutation]
  1615 | D:2      | 1615 ||| DROPPING scroll of fear.
  1662 | D:3      | Found a runed translucent door.
  1663 | D:3      | Noticed qw's ghost (amateur GrFi)
  1691 | D:3      | 1691 ||| Stepping ~*~*~tactically~*~*~ (stealth).
  1693 | D:3      | 1693 ||| Stepping ~*~*~tactically~*~*~ (stealth).
  1711 | D:3      | HP: 6/30 [orc priest/nerve-wracking pain (5)]
  1712 | D:3      | Killed from afar by an orc priest

Levels and vault maps discovered:
D:1:      psy_arrival_basics, layout_loops_ring
D:2:      minmay_inner_zag, layout_basic, basic_altar, grunt_ministairs_5
D:3:      layout_loops_ring, nicolae_ashenzari_panopticon,
          nemelex_diamond_rough_becter, ebering_ecumenical_altar_sacrificial,
          ebering_ghost_sewer_f, uniq_terence

Skill      XL: |  1  2  3  4 |
---------------+-------------+-----
Axes           | 2 3 4 |  4.3
Fighting       | |  3.2
Armour         | |  3.2
Shields        | |  3.2

Action                     |  1- 3 |  4- 6 || total
---------------------------+-------+-------++-------
  Melee: War axe           |    98 |    53 ||   151
  Throw: Boomerang         |    23 |    34 ||    57
    Use: Scroll            |     1 |     4 ||     5
         Potion            |       |     1 ||     1
 Armour: Scale mail        |    62 |    35 ||    97
  Dodge: Dodged            |    49 |    12 ||    61
  Block: Buckler           |    21 |     4 ||    25

Table legend:
 A = Non-vault XP
 B = Vault XP
 C = Vault XP percentage of total XP
 D = Non-vault monster count
 E = Vault monster count
 F = Vault count percentage of total count
                 A         B        C        D         E       F
            +---------+---------+-------+---------+---------+-------
      Total |     141 |       5 |   3.4 |      59 |       4 |   6.3
            +---------+---------+-------+---------+---------+-------
        D:1 |      50 |       0 |   0.0 |      27 |       0 |   0.0
        D:2 |      78 |       5 |   6.0 |      27 |       4 |  12.9
        D:3 |      13 |       0 |   0.0 |       5 |       0 |   0.0
            +---------+---------+-------+---------+---------+-------
